 Dungeon Crawl Stone Soup version 0.31-a0-986-g5e6e4ef867 (webtiles) character file.

Game seed: 2708648182823542896

861 javelincjr the Mimic (level 7, 0/52 HPs)
             Began as a Black Draconian Shapeshifter on Nov 8, 2023.
             Slain by a gnoll
             ... wielding a +0 halberd
              (7 damage)
             ... on level 4 of the Dungeon on Nov 9, 2023.
             The game lasted 00:09:52 (3146 turns).

javelincjr the Mimic (Black Draconian Shapeshifter) Turns: 3146, Time: 00:09:53

Health: 0/52       AC:  8    Str: 19    XL:     7   Next: 71%
Magic:  7/7        EV: 12    Int: 10    God:
Gold:   141        SH:  0    Dex: 10    Spells: 6/6 levels left

rFire   . . .        u - melded +4 hand axe "Cic Fel" {venom, rC+ Str+5}
rCold   . . .        o - melded orb {light}
rNeg    . . .        (body armour unavailable)
rPois   +            (helmet restricted)
rElec   +            k - +0 cloak
rCorr   .            e - +0 pair of gloves
SInv    .            (no boots)
Will    .....        (no amulet)
Stlth   +            v - ring of poison resistance
HPRegen 0.28/turn    w - ring of flight
MPRegen 0.10/turn

%: no passive effects
@: short of breath, flux-form, flying, glowing
A: glow, contaminating, breathe lightning, AC +6, unfitting armour, electricity
resistance, cold-blooded
a: Breathe Lightning, Begin Untransformation


You were on level 4 of the Dungeon.
You were something dangerously unstable.
You visited 1 branch of the dungeon, and saw 4 of its levels.
You also visited: Sewer.

You collected 141 gold pieces.

Inventory:

Hand Weapons
 j - a +3 scythe of protection
 u - the +4 hand axe "Cic Fel" (melded) {venom, rC+ Str+5}
   (You found it on level 3 of the Dungeon)

   Str+5:     It affects your strength (+5).
   rC+:       It protects you from cold.
Missiles
 d - 29 stones
 f - a curare-tipped dart
 g - 7 poisoned darts
 h - 5 javelins
Armour
 e - a +0 pair of gloves (worn)
 k - a +0 cloak (worn)
 o - an orb of light (melded)
Jewellery
 v - a ring of poison resistance (left hand)
 w - a ring of flight (right hand)
Talismans
 b - a beast talisman
 c - a flux talisman (active)
Scrolls
 i - 2 scrolls of acquirement {unknown}
 l - a scroll of teleportation {unknown}
 p - 2 scrolls of identify {unknown}
 r - a scroll of brand weapon {unknown}
 s - a scroll of amnesia {unknown}
 x - a scroll of torment {unknown}
 y - a scroll of silence {unknown}
 z - a scroll of vulnerability
 A - a scroll of fear {unknown}
Potions
 a - a potion of lignification
 m - 2 potions of heal wounds
 n - 2 potions of magic {unknown}
 q - 2 potions of curing
 t - 3 potions of enlightenment


   Skills:
 - Level 1.1 Fighting
 - Level 2.2 Dodging
 - Level 3.0 Unarmed Combat
 * Level 8.5 Shapeshifting


You had 6 spell levels left.
You didn't know any spells.
Your spell library contained the following spells:

 Spells                   Type           Power      Damage    Failure   Level
 Shock                    Conj/Air       0%         1d3       36%         1
 Blink                    Tloc           0%         N/A       50%         2
 Lesser Beckoning         Tloc           0%         N/A       50%         2
 Momentum Strike          Conj/Tloc      0%         3d8       50%         2
 Static Discharge         Conj/Air       0%         3-3/arc   50%         2
 Swiftness                Air            0%         N/A       75%         3
 Airstrike                Air            0%         2d(0-16)  98%         4
 Summon Lightning Spire   Summ/Air       0%         N/A       98%         4


Dungeon Overview and Level Annotations

Branches:
Dungeon (4/15)              Sewer (visited)
 Temple: D:4-7

Altars:
Elyvilon
Nemelex Xobeh
Sif Muna
Uskayaw
Yredelemnul

Shops:
D:1 *


Innate Abilities, Weirdness & Mutations

You are something dangerously unstable.
You glow with magical radiation, making you easy to see and hit.
Foes you strike become dangerously contaminated with magical radiation.
You are incapable of wielding weapons or throwing items.
You can breathe wild blasts of lightning.
Your glossy black scales are hard. (AC +6)
You cannot fit into any form of body armour.
You are resistant to electric shocks. (rElec)
You are cold-blooded and may be slowed by cold attacks.


Message History

Ijyb twists and deforms.
Ijyb is heavily wounded.
Ijyb hits you but does no damage.
You closely miss Ijyb.
Ijyb is heavily wounded.
Ijyb hits you but does no damage.
You hit Ijyb.
Ijyb begins to glow.
Ijyb is heavily wounded.
Ijyb hits you but does no damage.
Activating: Breathe Lightning (5% risk of failure)
Press: ? - help, Dir - look around, f - activate You breathe a wild blast of lightning!
The bolt of lightning misses you.
The bolt of lightning hits Ijyb!!
You kill Ijyb!
The bolt of lightning misses you.
You hear an angry hiss.
You hear a shout! x2
You hit the gnoll.
The gnoll begins to glow.
The gnoll is lightly wounded.
The gnoll barely misses you.
You hit the gnoll.
The gnoll glows dangerously bright.
You tail-slap the gnoll, but do no damage.
The gnoll is moderately wounded.
The gnoll misses you. The gnoll hits you with a +0 club.
* * * LOW HITPOINT WARNING * * *
You hit the gnoll.
The gnoll shudders as magic cascades through it!!
You kill the gnoll!
The gnoll hits you from afar with a +0 halberd.
* * * LOW HITPOINT WARNING * * *
The gnoll attacks as it pursues you! The gnoll barely misses you.
The gnoll misses you.
You completely miss the gnoll.
You tail-slap the gnoll, but do no damage.
The gnoll misses you.
You hit the gnoll but do no damage.
The gnoll begins to glow.
The gnoll hits you with a +0 halberd!
* * * LOW HITPOINT WARNING * * *
You hit the gnoll but do no damage.
The gnoll glows dangerously bright.
The gnoll hits you with a +0 halberd!
You die...

###################
#.........pgg......
#.#############....
#.# # #.# #.# #.#
#.# #.# #.#


You could see 2 gnolls.

Vanquished Creatures
  A hornet (D:4)
  Sigmund (D:2)
  2 kobold brigands (Sewer)
  2 scorpions
  A hound (D:4)
  Ijyb (D:4)
  An orc wizard (D:3)
  A gnoll (D:4)
  5 adders
  A river rat (D:3)
  A worm (D:2)
  3 dart slugs
  13 orcs
  2 endoplasms
  9 giant cockroaches
  4 goblins
  4 hobgoblins
  4 jackals (D:1)
  10 kobolds
  3 quokkas
  5 ball pythons
  4 bats
  4 frilled lizards
  9 rats
91 creatures vanquished.

Notes
Turn   | Place    | Note
-------+----------+-------------------------------------------
     0 | D:1      | javelincjr the Draconian Shapeshifter began the quest for
                  | the Orb.
     0 | D:1      | Reached XP level 1. HP: 16/16 MP: 1/1
   168 | D:1      | Reached XP level 2. HP: 23/23 MP: 2/2
   363 | D:1      | Found Fyongyd's General Store.
   741 | D:2      | Reached XP level 3. HP: 28/28 MP: 3/3
   804 | D:2      | Noticed Sigmund
   849 | D:2      | Reached skill level 4 in Shapeshifting
  1222 | D:2      | Killed Sigmund
  1223 | D:2      | Reached skill level 5 in Shapeshifting
  1223 | D:2      | Reached XP level 4. HP: 35/35 MP: 4/4
  1223 | D:2      | Reached XP level 5. HP: 40/40 MP: 5/5
  1256 | D:2      | Reached skill level 6 in Shapeshifting
  1256 | D:2      | Reached XP level 6. HP: 29/47 MP: 6/6
  1413 | D:3      | Found a sparkling altar of Nemelex Xobeh.
  1439 | D:3      | Found a glowing drain.
  1478 | Sewer    | Entered a sewer
  1603 | Sewer    | Reached skill level 7 in Shapeshifting
  1629 | Sewer    | Your scales start taking on a glossy black colour.
  1629 | Sewer    | Reached XP level 7. HP: 12/52 MP: 7/7
  1629 | Sewer    | Gained mutation: You are resistant to electric shocks.
                  | (rElec) [Black Draconian growth]
  1630 | Sewer    | HP: 2/52 [bounced beam (11)]
  1832 | Sewer    | Found a white marble altar of Elyvilon.
  2118 | D:3      | Identified the +4 hand axe "Cic Fel" {venom, rC+ Str+5}
  2121 | D:3      | Found a hide-covered altar of Uskayaw.
  2159 | D:3      | Found a white marble altar of Elyvilon.
  2163 | D:3      | Found a shimmering blue altar of Sif Muna.
  2944 | D:4      | Found a basalt altar of Yredelemnul.
  3054 | D:4      | Noticed a hornet
  3059 | D:4      | Killed a hornet
  3060 | D:4      | Reached skill level 8 in Shapeshifting
  3116 | D:4      | Noticed Ijyb
  3137 | D:4      | Killed Ijyb
  3146 | D:4      | Slain by a gnoll

Illustrated notes

Levels and vault maps discovered:
D:1:      minmay_arrival_checkered_box, layout_basic, serial_shops,
          nicolae_shop_window_shopping, nrook_uturn
D:2:      layout_rooms, uniq_sigmund
D:3:      layout_loops_corners, minmay_overflow_temple_star_quad,
          general_overflow_altar, portal_sewer_entry_a, minmay_cut_off
D:4:      layout_loops_ring, mainiacjoe_overflow_cross_hatched,
          minmay_temple_entry_from_below_a, nicolae_shop_self_help, uniq_ijyb,
          uniq_grinder

Skill      XL: |  1  2  3  4  5  6  7 |
---------------+----------------------+-----
Dodging        | 2 |  2.2
Shapeshifting  | 5 6 7 8 |  8.5
Fighting       | |  1.1
Unarmed Combat | |  3.0

Action                     |  1- 3 |  4- 6 |  7- 9 || total
---------------------------+-------+-------+-------++-------
  Melee: Unarmed           |    98 |    77 |    70 ||   245
         Tailslap          |    13 |    11 |    15 ||    39
         Punch             |     2 |       |       ||     2
         Hand axe          |       |       |    20 ||    20
Ability: Breathe Lightning |       |       |     3 ||     3
    Use: Potion            |     1 |       |       ||     1
         Scroll            |       |     2 |       ||     2
 Armour: Skin              |    31 |    49 |    52 ||   132
  Dodge: Dodged            |    55 |    64 |    47 ||   166
   Form: Flux              |       |       |     1 ||     1

Table legend: (Time is in decaauts)
 A = Elapsed time spent in this place.
 B = Non-inter-level travel time spent in this place.
 C = Inter-level travel time spent in this place.
 D = Time resting spent in this place.
 E = Time spent auto-exploring this place.
 F = Levels seen in this place.
 G = Mean time per level.
                   A        B        C        D        E       F      G
               +--------+--------+--------+--------+--------+-----+--------+
         Total |   3150 |   3023 |    127 |    177 |   2141 |   5 |  630.0 |
       Dungeon |   2722 |   2595 |    127 |      0 |   1974 |   4 |  680.5 |
         Sewer |    428 |    428 |      0 |    177 |    167 |   1 |  428.0 |
               +--------+--------+--------+--------+--------+-----+--------+

Top non-repeatable levels by time:
     D:3: 987 daAuts
     D:1: 735 daAuts
     D:2: 639 daAuts
   Sewer: 428 daAuts
     D:4: 360 daAuts
